 Dungeon Crawl Stone Soup version bcrawl-1.40.3b (webtiles) character file.

Game seed: 5297473333943410099

10495864 Wachungys the Slayer (level 27, -5/334 HPs)
             Began as a Naga Venom Mage on Jan 18, 2024.
             Was the Champion of Jiyva.
             Killed from afar by an iron giant (31 damage)
             ... with an iron shot
             ... on level 2 of the Iron City of Dis on Jan 19, 2024.
             The game lasted 11:09:57 (77752 turns).

Wachungys the Slayer (Naga Venom Mage)             Turns: 77752, Time: 11:09:57

Health: -5/334     AC: 38    Str: 28    XL:     27
Magic:  3/51       EV: 22    Int: 65    God:    Jiyva [******]
Gold:   5110       SH:  8    Dex: 25    Spells: 6/66 levels left

rFire    + + +     GDR:     41% T - +6 Majin-Bo {vamp, *Drain Str+12 Int+24}
rCold    + + +     SeeInvis +   (shield currently unavailable)
rNeg     + + +     Gourm    .   d - +4 ring mail "Ipuxkio" {rF+ Int+4 Dex+3 Stlth+}
rPois    +         Faith    .   r - +2 hat {Int+3}
rElec    +         Spirit   .   i - +4 dragonskin cloak
rCorr    +         Reflect  +   g - +0 pair of gloves "Nuureon" {rC+ rCorr Int+4 Slay+2}
MR       +++..                  Q - +2 barding "Lovoa" {rC+ rN+ rCorr Str-4}
Stlth    ++++++++..             l - amulet of Saqistry {Reflect rPois rN+ Dex+5 SH+4 Stlth+}
HPRegen  0.65/turn              z - ring of the Death Scarab {*Corrode rPois rN+++ Str+6 Int+4 Dex-2}
MPRegen  0.32/turn              h - ring "Loolot" {rElec rF+ Dex+4}

@: about to teleport, studying Stealth, very slow
A: large, tail, swims, antennae 1, claws 1, large bone plates 1, see invisible,
agile 1, deformed body, high mp 1, poison resistance, robust 2, slowness 2, slow
metabolism 1, spit poison 1, strong 1, acidic bite, tendrils, constrict 1, AC +9
}: 8/15 runes: decaying, barnacled, slimy, silver, abyssal, demonic, glowing,
fiery
a: Spit Poison, Request Jelly, Evolve, Slimify, Cure Bad Mutation, Renounce
Religion


You were on level 2 of the Iron City of Dis.
You worshipped Jiyva.
Jiyva was exalted by your worship.
You were not hungry.

You visited 12 branches of the dungeon, and saw 49 of its levels.
You visited Pandemonium 1 time, and saw 9 of its levels.
You visited the Abyss 1 time.
You also visited: Bailey, Gauntlet and Wizlab.

You collected 8093 gold pieces.
You spent 2983 gold pieces at shops.

Inventory:

Hand Weapons
 T - the +6 Majin-Bo (weapon) {vamp, *Drain Str+12 Int+24}
   (You took it off a Hellbinder in a wizard's laboratory)

   It inflicts no extra harm, but heals its wielder when it wounds a living foe.
   It affects your strength (+12).
   It affects your intelligence (+24).
   It causes draining when unequipped.
Missiles
 J - 9 throwing nets (quivered) {=f}
Armour
 d - the +4 ring mail "Ipuxkio" (worn) {rF+ Int+4 Dex+3 Stlth+}
   (You acquired it on level 11 of the Dungeon)

   It affects your intelligence (+4).
   It affects your dexterity (+3).
   It protects you from fire.
   It makes you more stealthy.
 g - the +0 pair of gloves "Nuureon" (worn) {rC+ rCorr Int+4 Slay+2}
   (You acquired it on level 11 of the Dungeon)

   It affects your intelligence (+4).
   It affects your accuracy and damage with ranged weapons and melee attacks
   (+2).
   It protects you from cold.
   It provides partial protection from all sources of acid and corrosion.
 i - the +4 dragonskin cloak (worn)
   (You took it off Tiamat on level 3 of the Realm of Zot)
 p - a +2 cloak of magic resistance
 r - a +2 hat of intelligence (worn)
 P - the +18 shield of the Gong {rElec rN+ MR+ EV-5}
   (You acquired it on level 2 of the Realm of Zot)

   It affects your evasion (-5).
   It insulates you from electricity.
   It protects you from negative energy.
   It affects your resistance to hostile enchantments.
 Q - the +2 barding "Lovoa" (worn) {rC+ rN+ rCorr Str-4}
   (You acquired it on level 1 of the Swamp)

   It affects your strength (-4).
   It protects you from cold.
   It protects you from negative energy.
   It provides partial protection from all sources of acid and corrosion.
Jewellery
 h - the ring "Loolot" (right hand) {rElec rF+ Dex+4}
   (You found it on level 5 of the Pits of Slime)

   [ring of insulation]

   It affects your dexterity (+4).
   It protects you from fire.
   It insulates you from electricity.
 l - the amulet of Saqistry (around neck) {Reflect rPois rN+ Dex+5 SH+4 Stlth+}
   (You took it off a spriggan druid on level 3 of the Spriggan Forest)

   [amulet of reflection]

   It shields you and reflects attacks.
   It affects your dexterity (+5).
   It protects you from poison.
   It protects you from negative energy.
   It affects your SH (+4).
   It makes you more stealthy.
 z - the ring of the Death Scarab (left hand) {*Corrode rPois rN+++ Str+6 Int+4 Dex-2}
   (You found it in a wizard's laboratory)

   [ring of strength]

   It affects your strength (+6).
   It affects your intelligence (+4).
   It affects your dexterity (-2).
   It protects you from poison.
   It renders you almost immune to negative energy.
   It may corrode you when you take damage.
Wands
 a - a wand of paralysis (28)
 o - a wand of disintegration (44)
 t - a wand of digging (38)
 A - a wand of acid (3)
 G - a wand of iceblast (46)
 V - a wand of scattershot (1)
Scrolls
 k - 4 scrolls of revelation
 q - 3 scrolls of teleportation
 s - a scroll of immolation
 w - a scroll of noise
 B - 3 scrolls of fog
 L - 5 scrolls of vulnerability
 N - 9 scrolls of fear
Potions
 f - a potion of brilliance
 j - 17 potions of curing
 m - 11 potions of mutation
 u - 6 potions of agility
 v - 3 potions of cancellation
 C - 3 potions of flight
 D - a potion of heal wounds
 E - 3 potions of resistance
 I - 7 potions of lignification
 M - 3 potions of haste
 O - 6 potions of might
 W - 2 potions of invisibility
Miscellaneous
 b - a fan of gales (1/2)
 c - a sack of spiders (inert)
 n - a box of beasts
 x - a lightning rod (4/4)
 y - the horn of Geryon (inert)
 F - a phial of floods (inert)
 K - a fan of gales (1/2)
 R - a sack of spiders (inert)
 S - a phantom mirror
 Y - a lamp of fire
 Z - a fan of gales (1/2)
Comestibles
 e - 45 rations {!d}


   Skills:
 + Level 22.7 Fighting
 - Level 13.0 Staves
 - Level 10.0 Armour
 - Level 15.0 Dodging
 - Level 15.0 Stealth
 - Level 3.0 Shields
 - Level 20.0 Spellcasting
 - Level 1.0 Conjurations
 - Level 22.0 Summonings
 - Level 17.0 Translocations
 - Level 8.0 Air Magic
 - Level 8.0 Poison Magic
 - Level 22.0 Invocations
 - Level 14.0 Evocations


You had 6 spell levels left.
You knew the following spells:

 Your Spells              Type           Power        Failure   Level  Hunger
a - Dragon's Call         Summ           #########.   1%          9    #####..
b - Poisonous Vapours     Pois/Air       ######       0%          2    None
c - Summon Scorpions      Summ/Pois      ########     0%          4    None
d - Summon Lightning Spi  Summ/Air       ########     0%          5    None
e - Mephitic Cloud        Conj/Pois/Air  #######.     1%          3    None
f - Shadow Creatures      Summ           N/A          0%          7    #......
g - Summon Forest         Summ/Tloc      ########..   0%          5    None
h - Blink                 Tloc           N/A          0%          2    None
i - Controlled Blink      Tloc           ########     1%          7    #......
j - Summon Horrible Thin  Summ           #########.   1%          8    ####...
k - Malign Gateway        Summ/Tloc      ########..   1%          7    #......
l - Apportation           Tloc           ######       0%          1    None

Your spell library contained the following spells:

 Spells                   Type           Power        Failure   Level  Hunger
 Blink Other              Tloc           ######       0%          1    None
 Static Discharge         Air            ######       0%          1    None
 Summon Butterflies       Summ           ########     0%          1    None
 Summon Small Mammal      Summ           ####         0%          1    None
 Call Imp                 Summ           ######       0%          2    None
 Call Canine Familiar     Summ           ########     0%          3    None
 False Image              Hex/Summ       ########     0%          3    None
 Portal Projectile        Tloc           ######       0%          3    None
 Teleport Other           Tloc           ########     0%          3    None
 Force Lance              Tloc           ########     0%          4    None
 Summon Ice Beast         Ice/Summ       ########     0%          4    None
 Passage of Golubria      Tloc           N/A          0%          5    None
 Summon Hydra             Summ           #########.   0%          6    None
 Beastly Appendage        Tmut           ######       1%          1    None
 Corona                   Hex            ######.      1%          1    None
 Flame Tongue             Conj/Fire      #####        1%          1    None
 Magic Dart               Conj           ####         1%          1    None
 Necrotize                Necr           ######       1%          1    None
 Slow                     Hex            ######..     1%          1    None
 Sting                    Conj/Pois      ####         1%          1    None
 Corpse Rot               Necr           N/A          1%          2    None
 Ensorcelled Hibernation  Hex/Ice        ######       1%          2    None
 Flaming Arrows           Chrm/Fire      ######..     1%          2    None
 Passwall                 Tmut/Erth      ######..     1%          2    None
 Searing Ray              Conj           ######..     1%          2    None
 Shackle                  Hex            ######..     1%          2    None
 Shock                    Conj/Air       #######      1%          2    None
 Sticks to Snakes         Tmut           ######..     1%          2    None
 Swiftness                Chrm/Air       #######.     1%          2    None
 Confuse                  Hex            ######..     1%          3    None
 Conjure Flame            Conj/Fire      ######..     1%          3    None
 Dazzling Orbs            Conj/Hex       ######.      1%          3    None
 Ignite Poison            Fire/Tmut/Pois #######.     1%          3    None
 Inner Flame              Hex/Fire       N/A          1%          3    None
 Iskenderun's Mystic Bla  Conj           ######..     1%          3    None
 Spider Form              Tmut/Pois      ###          1%          3    None
 Stone Arrow              Conj/Erth      ######       1%          3    None
 Tukima's Dance           Hex            ######..     1%          3    None
 Vampiric Draining        Necr           ######....   1%          3    None
 Agony                    Necr           ######..     1%          4    None
 Animate Dead             Necr           N/A          1%          4    None
 Cause Fear               Hex            ######....   1%          4    None
 Fulminant Prism          Conj/Hex       ######....   1%          4    None
 Ice Form                 Ice/Tmut       ######..     1%          4    None
 Lightning Bolt           Conj/Air       #######.     1%          4    None
 Olgreb's Toxic Radiance  Pois           ########.    1%          4    None
 Sticky Flame             Conj/Fire      ######..     1%          4    None
 Throw Icicle             Conj/Ice       ######..     1%          4    None
 Tree Form                Hex/Tmut       N/A          1%          4    None
 Yara's Violent Unravell  Hex/Tmut       ######....   1%          4    None
 Freezing Cloud           Ice/Air        #######.     1%          5    None
 Venom Bolt               Conj/Pois      #######...   1%          5    None
 Bolt of Draining         Conj/Necr      ######....   3%          5    None
 Fireball                 Conj/Fire      ######....   3%          5    None
 Irradiate                Conj/Tmut      ######....   3%          5    None
 Conjure Ball Lightning   Conj/Air       #######...   3%          6    None
 Poison Arrow             Conj/Pois      #######...   3%          6    None
 Blade Hands              Tmut           ######....   4%          5    None
 Dispel Undead            Necr           ######..     4%          5    None
 Metabolic Englaciation   Hex/Ice        ######....   4%          5    None
 Steam Barrier            Chrm/Fire      ######....   4%          5    None
 Infestation              Hex/Tmut/Pois  #######..    9%          6    None
 Bolt of Cold             Conj/Ice       ######....   19%         6    None
 Iron Shot                Conj/Erth      ######....   19%         6    None
 Borgnjor's Vile Clutch   Necr/Erth      ######....   24%         6    None
 Darkness                 Hex            ######....   24%         6    None
 Death Channel            Chrm/Necr      ######....   24%         6    None
 Ozocubu's Refrigeration  Ice            ######....   24%         6    None
 Simulacrum               Ice/Necr       ######..     24%         6    None
 Monstrous Menagerie      Summ           #########.   0%          7    #......
 Summon Greater Demon     Summ           #########.   0%          7    #......
 Haunt                    Necr/Summ      ########..   1%          7    #......
 Spellforged Servitor     Conj/Summ      ########..   1%          7    #......
 Summon Fire Elementals   Fire/Summ      ########.    1%          7    #......
 Tornado                  Tloc/Air       ########..   6%          8    ####...
 Blight                   Necr/Pois      #######..    26%         7    #......
 Time Stop                Chrm/Tloc      N/A          30%         8    ####...
 Orb of Destruction       Conj           ######....   65%         7    #......
 Mana Rupture             Conj/Hex       ######....   71%         7    #......
 Discord                  Hex            ######....   78%         7    #......
 Chain Lightning          Conj/Air       #######...   85%         8    ####...
 Ignition                 Hex/Fire       ######....   100%        8    ####...
 Necromutation            Tmut/Necr      ######..     100%        8    ####...


Dungeon Overview and Level Annotations

Branches:
Dungeon (12/12)            Temple (0/1) D:5            Lair (6/6) D:9
  Swamp (3/3) Lair:4       Shoals (3/3) Lair:4        Slime (5/5) Orc
    Orc (1/1) D:9          Vaults (3/3) D:12         Forest (3/3) Lair:6
  Crypt (0/2) Vaults:2     Depths (5/5) D:12           Hell (1/1)
    Dis (2/2) Hell            Geh (0/2) Hell            Coc (0/2) Hell
    Tar (0/2) Hell            Zot (5/5) Depths:5

Altars:
Ashenzari
Elyvilon
Fedhas
Gozag
Hepliaklqana
Lugonu
Nemelex Xobeh
Okawaru
Vehumet
Wu Jian
Xom
Yredelemnul
Zin
Jiyva

Shops:
D:9 :   D:11 ?[   D:12 *   Orc ?((=[}?   Shoals:2 [   Vaults:1 !*   Vaults:2 (
Zot:2 *   Depths:1 *?   Depths:3 **   Depths:5 =?

Portals:
Hell: Depths:1 Depths:2 Depths:3 Depths:4 Depths:5
Abyss: Lair:6 Slime:1 Depths:2 Depths:4
Pandemonium: Depths:1 Depths:2 Depths:3 Depths:5
Ziggurat: Depths:4

Annotations:
D:2 exclusion: crimson imp
D:3 exclusion: downstairs
D:4 exclusion: howler monkey
D:9 exclusion: downstairs
Lair:4 exclusion: 2 downstairs
Swamp:1 3 runed translucent doors, tronn's ghost, journeyman GnFi
Shoals:2 exclusion: downstairs
Slime:5 Royal Jelly
Vaults:1 3 runed translucent doors
Forest:1 exclusion: 2 downstairs
Depths:2 1 runed door
Depths:3 3 runed translucent doors, exclusion: obsidian statue, Pikuto's ghost, adept MiBe
Depths:4 exclusion: downstairs
Dis:2 Dispater
Zot:2 3 runed translucent doors, exclusions: 3 doors and obsidian statue, Sebriys's ghost, legendary TrBe
Zot:5 exclusion: obsidian statue


Innate Abilities, Weirdness & Mutations

You cannot wear boots.
You can swim through water.
Your serpentine skin is tough. (AC +9)
You have supernaturally acute eyesight. (SInv)
Armour fits poorly on your strangely shaped body.
Your system is resistant to poisons. (rPois)
You cover ground very slowly.
You have a slow metabolism.
You can spit poison.
You can use your snake-like lower body to constrict enemies.
You have a pair of small antennae on your head.
You have sharp fingernails.
You are partially covered in large bone plates. (SH +4)
You are agile. (Dex +2)
You have an increased reservoir of magic. (+10% MP)
You are very robust. (+20% HP)
Your muscles are strong. (Str +2)
You have acidic saliva.
You are covered in slimy tendrils that may disarm your opponents.


Message History

Casting: Blink (safe; 0% risk of failure)
Confirm with . or Enter, or press ? or * to list all spells.
You blink.
* * * LOW HITPOINT WARNING * * *
An iron giant comes into view. It is wielding a +0 giant club.
The iron giant shouts!
A reaper comes into view. It is wielding a +1 antimagic scythe.
As you read the scroll of fog, it crumbles to dust.
The scroll dissolves into smoke.
As you read the scroll of teleportation, it crumbles to dust.
You feel strangely unstable.
You feel better.
Casting: Blink (safe; 0% risk of failure)
Confirm with . or Enter, or press ? or * to list all spells.
You blink.
* * * LOW HITPOINT WARNING * * *
Space becomes stable.
The iron giant gestures at you while chanting.
The iron shot hits you!!
You die...

#§§§§§# ##§§§## *#§§§#*
#§§§§§# ##§.§##
******######'2'#####*******#
*,,,,,...§§§§§.....,,,,,,,,.
*****,...§§§§§§§.#*,,*,,,,,.
*,...§§@2§§§.#**,,,,,,,.
*,...§§§§§§§.# ***,,,,,.
*,.....2§§§§.# *,,,,,.
*,......§§§§.# #.#####
#.....C......# #.#....
#.....######.# #.#....
#.....*,,,,#.# #†#....
#.....*,,,,#.#####.#....
*,..,,+,,,,#.......#....


You could see an iron giant, a reaper and a tormentor.

Vanquished Creatures
  Mnoleg (Pan)
  An orb of fire (Zot:5)
  A golden dragon (Vaults:3)
  A bone dragon (Depths:5)
  An electric golem (Zot:5)
  An Orb Demon (Zot:2)
  3 liches
  4 tentacled monstrosities
  7 Orb Guardians
  2 Hell Sentinels (Dis:2)
  An acid blob (Slime:3)
  A sphinx (Depths:5)
  Murray (Hell)
  A shadow dragon (Vaults:3)
  2 death cobs
  A warmonger (Pan)
  2 storm dragons
  A ghoul (Vaults:2)
  4 fire giants
  2 war gargoyles (Dis:2)
  A draconian knight (Zot:4)
  3 frost giants
  A deep elf sorcerer (Vaults:3)
  3 vault wardens (Vaults:3)
  2 black suns (Pan)
  A ghost moth (Zot:3)
  2 iron dragons (Dis:2)
  A curse skull (Vaults:2)
  Louise (Depths:4)
  A draconian stormcaller (Zot:4)
  7 stone giants
  A spriggan defender (Depths:4)
  2 ironheart preservers (Vaults:3)
  2 very ugly things
  A lorocyproca (Pan)
  A green draconian (Zot:4)
  A white draconian (Zot:3)
  A dire elephant (Vaults:2)
  A minotaur (Gauntlet)
  A spark wasp (Forest:2)
  2 entropy weavers
  A red draconian (Zot:4)
  2 purple draconians
  A blizzard demon (Pan)
  2 ettins (Vaults:3)
  2 merfolk javelineers
  2 merfolk impalers (Shoals:3)
  Josephine (D:10)
  A yaktaur captain (Vaults:3)
  Harold (D:8)
  3 hydras
  An ice dragon (Depths:1)
  10 vault guards (Vaults:3)
  A satyr (Shoals:3)
  2 alligators
  2 ogre magi
  2 anacondas (Forest:3)
  A spriggan air mage (Depths:4)
  11 two-headed ogres
  An ancient automaton (Slime:1)
  A deep troll shaman (Depths:2)
  2 death yaks
  A deep troll earth mage (Depths:2)
  A vampire mage (Depths:5)
  3 sea snakes
  A spriggan berserker (Depths:4)
  A deep elf knight (Vaults:3)
  A thrashing horror (Abyss:5)
  A soul eater (Pan)
  10 deep trolls
  Nergalle (Lair:2)
  A storm dragon zombie (Depths:4)
  2 centaur warriors (Vaults:2)
  7 sixfirhies
  6 sun demons
  A spark wasp zombie (Depths:3)
  An unseen horror (D:12)
  A swamp dragon (Swamp:3)
  A spriggan druid (Forest:3)
  2 skeletal warriors
  A deep elf archer (Vaults:3)
  3 anaconda zombies (Hell)
  A necromancer (Depths:3)
  An orc knight (D:11)
  An unseen horror (shapeshifter) (Vaults:3)
  7 wizards
  Pikel (D:7)
  An anaconda skeleton (Hell)
  A shadow dragon zombie (Hell)
  A harpy (Shoals:1)
  2 phantasmal warriors (Vaults:3)
  2 stone giant zombies (Hell)
  6 deep elf magi
  6 fauns
  A frost giant zombie (Dis:2)
  11 ugly things
  2 manticores (Shoals:3)
  7 moths of wrath
  A tengu skeleton (Depths:3)
  3 large abominations
  2 rust devils
  3 elephants (Lair:5)
  2 vault sentinels (Vaults:3)
  Joseph (D:8)
  A stone giant skeleton (Vaults:2)
  A guardian serpent (Abyss:3)
  3 smoke demons
  A black mamba (Lair:4)
  3 cane toads
  A freezing wraith (Vaults:2)
  An efreet (D:11)
  A komodo dragon (Lair:5)
  A kobold demonologist (D:12)
  2 rime drakes
  A flying skull (Dis:1)
  A yaktaur (Vaults:3)
  2 hydra zombies (Hell)
  3 trolls
  An ice devil (Hell)
  4 ancient zymes
  A harpy zombie (D:12)
  Maurice (D:8)
  A silent spectre (Dis:1)
  5 merfolk
  A tengu simulacrum (Vaults:3)
  A catoblepas skeleton (Dis:1)
  2 polar bears
  3 tyrant leeches
  A harpy skeleton (D:12)
  A queen bee (D:9)
  2 wind drakes (Shoals:2)
  A hornet (shapeshifter) (Depths:1)
  3 hornets
  8 blink frogs
  A dream sheep (Shoals:2)
  2 bog bodies
  7 slime creatures
  A dream sheep (shapeshifter) (Abyss:3)
  9 raiju
  3 spriggans
  6 hippogriffs
  2 wraiths (D:10)
  6 water elementals
  4 wyverns
  3 ynoxinuls
  16 yaks
  A basilisk (Lair:6)
  6 chaos spawn (Pan)
  2 fire elementals (Hell)
  A human simulacrum (Vaults:2)
  2 steam dragons
  2 golden eyes
  3 neqoxecs
  A redback (Gauntlet)
  A spatial vortex (Abyss:3)
  4 vampire mosquitoes
  2 swamp worms
  2 crocodiles
  A water moccasin (Lair:4)
  3 hydra simulacra (Hell)
  2 deep troll zombies
  Duvessa (D:4)
  2 orc warriors
  9 porcupines
  2 hornet zombies
  2 ice beasts
  A soldier ant (D:9)
  2 swamp drakes (Swamp:3)
  6 sky beasts
  5 small abominations
  3 phantoms
  2 black bears
  A slave (D:7)
  A necrophage (Dis:2)
  15 ogres
  7 boggarts
  A wolf (D:10)
  6 bullfrogs
  A gnoll sergeant (D:6)
  Dowan (D:4)
  2 centaurs (D:8)
  2 scorpions
  36 killer bees
  3 howler monkeys (D:8)
  4 orc priests
  5 crimson imps
  A bullfrog zombie (D:5)
  An iron imp (Dis:1)
  11 orc wizards
  2 hounds (D:7)
  A jelly (D:7)
  4 bullfrog skeletons
  7 worker ants
  A hell rat (Hell)
  An iguana (D:6)
  2 killer bee zombies
  A hound skeleton (D:5)
  A howler monkey zombie (D:5)
  A worker ant zombie (D:5)
  10 gnolls
  8 adders
  An ufetubus (Depths:5)
  2 adder skeletons
  An adder zombie (D:5)
  5 worms
  A dart slug (D:1)
  7 leopard geckos
  34 orcs
  7 giant cockroaches
  9 hobgoblins
  10 jackals
  16 kobolds
  3 quokkas
  8 bats
  A frilled lizard (D:5)
  6 goblins
  A quokka zombie (D:5)
  6 rats
  10 plants
684 creatures vanquished.

Vanquished Creatures (collateral kills)
  Cerebov (Pan)
  4 pandemonium lords (Pan)
  4 juggernauts
  Tiamat (Zot:3)
  7 ancient liches (Zot:5)
  Mennas (Pan)
  Mara (Vaults:3)
  the Enchantress (Forest:3)
  7 golden dragons
  3 Killer Klowns (Zot:5)
  the Lernaean hydra (Swamp:3)
  The ghost of casual the Hoplite, a veteran MiMo of Hepliaklqana (Vaults:1)
  Geryon (Hell)
  3 caustic shrikes (Depths:5)
  7 rockslimes
  Zenata (Vaults:1)
  A Hellbinder (WizLab)
  14 Brimstone Fiends
  4 Shadow Fiends (Pan)
  3 Orb Demons
  2 electric golems (Zot:5)
  2 Hell Sentinels
  2 iron giants (Dis:1)
  4 liches
  21 Orb Guardians
  18 tentacled monstrosities
  Asterion (Depths:2)
  3 Ice Fiends
  5 wendigos
  3 quicksilver dragons
  3 eldritch tentacles
  2 Executioners (Pan)
  4 death cobs
  3 acid blobs
  4 ghouls
  The ghost of Forgeling the Bewitcher, an adept FeEn of Dithmenos (Vaults:1)
  11 tentacled starspawn
  4 thorn hunters
  11 shadow dragons
  A sphinx (Vaults:3)
  4 ancient champions (Dis:1)
  7 storm dragons
  An apis (Lair:6)
  2 tengu reavers
  7 frost giants
  5 azure jellies
  2 greenwood witches
  6 draconian monks
  A fire giant (Vaults:3)
  21 balrugs
  Donald (Vaults:1)
  4 draconian knights
  6 corrupters (Pan)
  3 war gargoyles (Dis:2)
  An orc warlord (Vaults:1)
  6 iron golems
  3 iron dragons
  18 cacodemons (Pan)
  6 vault wardens
  3 warmongers (Pan)
  2 draconian shifters (Zot:3)
  A draconian stormcaller (Zot:4)
  9 stone giants
  4 draconian annihilators
  A curse skull (Hell)
  7 ironheart preservers
  13 reapers
  5 jiangshi
  4 elemental wellsprings
  5 draconian scorchers
  3 spriggan defenders
  18 very ugly things
  15 lorocyprocas
  4 blood saints
  5 black suns (Pan)
  8 black draconians
  10 green draconians
  8 yellow draconians
  5 white draconians
  3 purple draconians
  13 dire elephants
  A deep elf annihilator (Vaults:2)
  A spark wasp (Forest:3)
  7 red draconians
  An entropy weaver (Abyss:3)
  10 blizzard demons
  5 merfolk impalers (Shoals:3)
  9 ettins
  A merfolk javelineer (Abyss:3)
  A deep elf death mage (Vaults:3)
  Snorg (Lair:4)
  8 green deaths
  2 crystal guardians (Vaults:3)
  2 mutant beasts (D:12)
  9 fire dragons
  10 yaktaur captains
  3 hell beasts
  9 ice dragons
  A catoblepas (Lair:5)
  5 monstrous demonspawn (Pan)
  18 hydras
  5 rakshasas
  2 anacondas
  6 ogre magi
  14 vault guards
  5 spriggan air magi
  13 two-headed ogres
  4 great orbs of eyes
  Psyche (D:8)
  An alligator snapping turtle (Shoals:1)
  A shadow wraith (Vaults:2)
  A two-headed ogre (shapeshifter) (Vaults:3)
  2 satyrs
  A merfolk avatar (Abyss:4)
  8 shambling mangroves
  2 death oozes
  3 death knights
  6 merfolk aquamancers (Shoals:3)
  6 sea snakes
  2 tengu warriors
  22 death yaks
  A dancing weapon (Vaults:1)
  The ghost of Cris the Geomancer, a novice OpEE of Sif Muna (D:7)
  5 vampire magi
  5 deep troll shamans
  8 alligators
  11 deep troll earth magi
  7 hell hogs
  4 ironheart beastmasters
  2 ancient automatons
  A naga sharpshooter (Depths:1)
  26 soul eaters
  2 deep elf knights
  4 spriggan berserkers
  7 thrashing horrors
  27 deep trolls
  3 iron trolls
  42 sun demons
  3 storm dragon zombies
  13 centaur warriors
  9 wretched stars
  4 spatial maelstroms
  2 fire crabs (shapeshifter)
  6 hell knights
  22 sixfirhies
  2 titan skeletons
  11 skeletal warriors
  A golden dragon zombie (Depths:4)
  11 swamp dragons
  A death drake (Zot:4)
  3 spark wasp zombies
  7 torturous demonspawn (Pan)
  9 wizards
  A kraken simulacrum (Shoals:3)
  A gelid demonspawn (Pan)
  10 shadow demons
  4 flayed ghosts
  6 spriggan druids
  7 infernal demonspawn
  The ghost of Wachungys the Covert, a novice NaAc (D:7)
  2 deep elf archers
  6 necromancers
  2 phantasmal warriors
  A tengu zombie (Hell)
  5 cyclopes
  A naga ritualist (Depths:1)
  A tengu skeleton (Depths:3)
  7 harpies
  A wolf spider zombie (D:12)
  A naga mage (D:12)
  7 deep elf magi
  9 ironheart convokers
  15 fauns
  A fire giant zombie (Hell)
  7 shining eyes
  5 oklob plants
  3 frost giant zombies
  11 manticores
  2 orc sorcerers
  An apocalypse crab (Abyss:3)
  39 ugly things
  A manticore (shapeshifter) (Abyss:3)
  A worldbinder (Abyss:4)
  14 rust devils
  A sphinx skeleton (Vaults:2)
  5 merfolk sirens
  A salamander (shapeshifter) (Lair:6)
  5 water nymphs
  15 will-o'-wisps
  A frost giant skeleton (Depths:4)
  9 vault sentinels
  12 moths of wrath
  3 black mambas
  A gargoyle (D:10)
  10 cane toads
  7 elephants (Lair:5)
  A jumping spider (Gauntlet)
  28 orange demons
  24 smoke demons
  12 demonic crawlers
  2 minotaur zombies (Gauntlet)
  10 efreet
  A human zombie (Vaults:3)
  A yaktaur zombie (Hell)
  2 hellions
  2 rime drakes (Lair:5)
  8 freezing wraiths
  An emperor scorpion zombie (Abyss:3)
  8 tormentors
  8 komodo dragons
  21 yaktaurs
  5 flying skulls (Dis:1)
  4 hellwings
  7 ice devils
  A hydra zombie (Dis:2)
  4 ancient zymes
  3 tengu conjurers
  22 red devils
  9 merfolk (Shoals:3)
  A wolf spider simulacrum (D:12)
  2 tyrant leeches
  2 polar bears (D:10)
  A queen bee (shapeshifter) (D:12)
  5 trolls
  4 wind drakes
  A hydra skeleton (Dis:1)
  13 raiju
  58 slime creatures
  21 blink frogs
  9 hippogriffs
  4 bog bodies
  13 hornets
  3 spriggan zombies (Hell)
  6 dream sheep
  Grum (D:10)
  5 snapping turtles
  An ettin skeleton (Dis:2)
  15 ynoxinuls
  15 water elementals
  A shadow (D:12)
  16 yaks
  5 wraiths
  9 spriggans
  4 basilisks
  4 fire elementals (Hell)
  6 golden eyes
  37 chaos spawn
  4 vampire mosquitoes
  29 neqoxecs
  3 spatial vortices
  The ghost of tronn the Sneak, an amateur OpAc (D:5)
  9 swamp worms
  2 wargs (D:11)
  3 water moccasins
  An acid dragon (Zot:3)
  15 hell hounds
  10 crocodiles
  3 porcupines
  11 swamp drakes
  A deep troll skeleton (Vaults:3)
  A black bear (D:11)
  8 orc warriors
  3 ice beasts
  A phantom (D:12)
  4 necrophages
  2 hornet zombies
  26 large abominations
  11 starcursed masses
  12 boggarts
  A swamp dragon zombie (Dis:2)
  4 wolves (D:10)
  17 ogres
  5 bullfrogs
  An elf zombie (Dis:2)
  2 kobold brigands
  A glowing shapeshifter simulacrum (Vaults:1)
  5 centaurs
  11 small abominations
  A scorpion (D:11)
  5 killer bees (D:11)
  2 human simulacra (Vaults:2)
  A vampire bat (Lair:3)
  5 wights (Abyss:3)
  4 orc priests
  An electric eel (Lair:6)
  A crimson imp (Hell)
  2 jellies
  A quasit (Abyss:3)
  5 iron imps
  A hound (D:8)
  A gnoll shaman (Orc)
  3 orc wizards (Orc)
  An iguana (D:11)
  10 hell rats (Hell)
  4 gnolls (Orc)
  An adder (D:11)
  A white imp (Abyss:1)
  An ufetubus (Abyss:3)
  14 orcs
  4 bats (Lair:3)
  A goblin (D:8)
  12 kobolds
  44 briar patches
  A fire vortex (Abyss:3)
  8 fungi
  144 plants
  9 starspawn tentacles
  3 withered plants (Orc)
2077 creatures vanquished.

Vanquished Creatures (others)
  A juggernaut (Depths:5)
  An eye of devastation (Pan)
  2 tentacled monstrosities
  29 eldritch tentacles
  2 storm dragons
  A fire giant (Vaults:3)
  3 cacodemons (Pan)
  A warmonger (Pan)
  3 stone giants
  A very ugly thing (Abyss:5)
  A blood saint (Pan)
  2 black draconians
  An ettin (Depths:1)
  A mutant beast (D:12)
  2 yaktaur captains
  A vault guard (Vaults:3)
  An ice dragon (Depths:4)
  11 great orbs of eyes
  A two-headed ogre (Orc)
  A dancing weapon (Abyss:3)
  A deep troll earth mage (Depths:4)
  A hell hog (Depths:2)
  3 spriggan berserkers
  3 centaur warriors
  2 hell knights (Depths:1)
  2 sixfirhies (Pan)
  3 glowing orange brains (Abyss:3)
  A wizard (Vaults:2)
  2 necromancers (Depths:1)
  A faun (shapeshifter) (Depths:5)
  2 moths of wrath
  2 ugly things (Vaults:2)
  A black mamba (Depths:1)
  An elephant (shapeshifter) (Depths:5)
  A vault sentinel (Vaults:3)
  A cane toad (Lair:4)
  A hellion (Dis:2)
  7 yaktaurs
  4 eyes of draining
  A tormentor (Pan)
  2 floating eyes
  A merfolk (Shoals:3)
  A raiju (Abyss:3)
  A blink frog (shapeshifter) (Depths:2)
  25 slime creatures
  A slime creature (shapeshifter) (Depths:3)
  A deep troll zombie (Hell)
  A hippogriff (shapeshifter) (Vaults:3)
  A tarantella (shapeshifter) (Vaults:3)
  4 golden eyes
  A large abomination (Abyss:3)
  3 neqoxecs (Pan)
  A swamp worm (Swamp:3)
  A swamp worm (shapeshifter) (Depths:3)
  An acid dragon (shapeshifter) (Vaults:3)
  An ice beast (shapeshifter) (Vaults:3)
  6 ogres
  A boggart (shapeshifter) (Vaults:3)
  A small abomination (Abyss:3)
  2 starcursed masses (Abyss:3)
  5 briar patches
  17 fungi
  2 lurking horrors
  68 plants
  85 snaplasher vines
  34 starspawn tentacles
  2 tentacles (Shoals:3)
  8 withered plants
383 creatures vanquished.

Grand Total: 3144 creatures vanquished

Notes
Turn   | Place    | Note
-------+----------+-------------------------------------------
     0 | D:1      | Wachungys the Naga Venom Mage began the quest for the Orb.
     0 | D:1      | Reached XP level 1. HP: 15/15 MP: 3/3
   194 | D:1      | Reached XP level 2. HP: 22/22 MP: 5/5
   619 | D:1      | Reached skill level 1 in Fighting
   619 | D:1      | Reached XP level 3. HP: 9/31 MP: 0/7
   700 | D:1      | Learned a level 2 spell: Poisonous Vapours
  1010 | D:1      | Reached skill level 1 in Air Magic
  1380 | D:2      | Found a white marble altar of Elyvilon.
  1390 | D:2      | Became a worshipper of Elyvilon the Healer
  1567 | D:2      | Found an ornate altar of the Wu Jian Council.
  1592 | D:2      | Reached XP level 4. HP: 39/39 MP: 3/8
  1679 | D:2      | Found a basalt altar of Yredelemnul.
  1679 | D:2      | Found a hazy altar of Hepliaklqana.
  1826 | D:2      | Reached * piety under Elyvilon
  2645 | D:3      | Reached ** piety under Elyvilon
  2657 | D:3      | Found a sparkling altar of Nemelex Xobeh.
  2767 | D:3      | Found an iron altar of Okawaru.
  2801 | D:3      | Noticed an ogre
  2806 | D:3      | Killed an ogre
  2807 | D:3      | Reached skill level 5 in Poison Magic
  2807 | D:3      | Reached skill level 1 in Invocations
  2807 | D:3      | Reached XP level 5. HP: 29/49 MP: 1/9
  3358 | D:3      | Reached XP level 6. HP: 54/56 MP: 0/10
  3644 | D:4      | Noticed a sky beast
  3735 | D:4      | Noticed a hippogriff
  3751 | D:4      | Killed a hippogriff
  3906 | D:4      | Noticed a sky beast
  3912 | D:4      | Killed a sky beast
  3913 | D:4      | Reached skill level 1 in Armour
  3913 | D:4      | Reached XP level 7. HP: 62/62 MP: 2/13
  3953 | D:4      | Reached *** piety under Elyvilon
  4025 | D:4      | Noticed Duvessa
  4027 | D:4      | Noticed Dowan
  4033 | D:4      | Killed Duvessa
  4038 | D:4      | Killed Dowan
  4417 | D:4      | Reached XP level 8. HP: 67/73 MP: 1/14
  4428 | D:4      | Reached skill level 5 in Fighting
  4500 | D:4      | Found an opulent altar of Gozag.
  4772 | D:5      | Entered Level 5 of the Dungeon
  4852 | D:5      | Learned a level 4 spell: Summon Scorpions
  5079 | D:5      | Found a shattered altar of Ashenzari.
  5285 | D:5      | Found a runed translucent gate.
  5292 | D:5      | Found a runed translucent gate.
  5293 | D:5      | Found a runed translucent gate.
  5298 | D:5      | Noticed tronn's ghost (amateur OpAc)
  5302 | D:5      | Found a roughly hewn altar of Beogh.
  5302 | D:5      | Identified the +4 dagger of Expedience {freeze, rElec
                  | Stlth+}
  5302 | D:5      | Identified the +0 ring mail of Fun {+Fly rC+}
  5469 | D:5      | Found a staircase to the Ecumenical Temple.
  5637 | D:6      | Reached skill level 5 in Summonings
  5695 | D:6      | Reached XP level 9. HP: 82/82 MP: 8/15
  5703 | D:6      | Noticed an angel
  5704 | D:6      | Found a shimmering altar of Xom.
  5707 | D:6      | Found a glowing silver altar of Zin.
  5728 | D:6      | Got a glittering gossamer ring
  5917 | D:6      | Found a blossoming altar of Fedhas.
  5975 | D:6      | Reached **** piety under Elyvilon
  5997 | D:6      | Reached skill level 5 in Air Magic
  6139 | D:6      | Found a corrupted altar of Lugonu.
  6732 | D:7      | Found a runed translucent gate.
  6733 | D:7      | Found a runed translucent gate.
  6777 | D:7      | Found a runed translucent gate.
  6777 | D:7      | Noticed Cris's ghost (novice OpEE)
  6777 | D:7      | Noticed Wachungys's ghost (novice NaAc)
  6807 | D:7      | Found a radiant altar of Vehumet.
  7101 | D:7      | Noticed Pikel
  7109 | D:7      | Killed Pikel
  7288 | D:7      | Reached XP level 10. HP: 91/91 MP: 8/16
  7918 | D:7      | Identified the cursed ring of Pecvaez {*Drain rPois Dex+4
                  | Stlth--} (You found it on level 6 of the Dungeon)
  7989 | D:8      | Noticed Joseph
  8062 | D:8      | Found a flagged portal.
  8072 | Bailey   | Entered a bailey
  8127 | Bailey   | Reached ***** piety under Elyvilon
  8132 | Bailey   | Noticed a deep elf mage
  8138 | Bailey   | Noticed an orange demon
  8141 | Bailey   | Killed a deep elf mage
  8142 | Bailey   | Reached skill level 5 in Spellcasting
  8244 | Bailey   | Noticed a deep elf mage
  8245 | Bailey   | Noticed a deep elf mage
  8248 | Bailey   | Noticed a deep elf mage
  8250 | Bailey   | Killed a deep elf mage
  8250 | Bailey   | Noticed a deep elf mage
  8254 | Bailey   | Noticed a deep elf mage
  8261 | Bailey   | Noticed a deep elf mage
  8262 | Bailey   | Killed a deep elf mage
  8269 | Bailey   | Killed a deep elf mage
  8273 | Bailey   | Killed a deep elf mage
  8273 | Bailey   | Noticed a sixfirhy
  8277 | Bailey   | Elyvilon protects you from harm!
  8278 | Bailey   | HP: 3/94 [sixfirhy[a deep elf mage] (3)]
  8647 | D:8      | Noticed Psyche
  8656 | D:8      | Killed Psyche
  8657 | D:8      | Reached XP level 11. HP: 83/103 MP: 1/20
  8861 | D:8      | Noticed Maurice
  8876 | D:8      | Killed Maurice
  9099 | D:8      | Killed a deep elf mage
  9422 | D:8      | Noticed Harold
  9434 | D:8      | Killed Harold
  9435 | D:8      | Reached skill level 10 in Summonings
  9780 | D:8      | Killed Joseph
 10383 | D:9      | Found a white marble altar of Elyvilon.
 10632 | D:9      | Found a staircase to the Orcish Mines.
 10731 | D:9      | Found Gestrewah's Book Shoppe.
 10938 | D:9      | Found a staircase to the Lair.
 11090 | D:9      | Noticed a two-headed ogre
 11098 | D:9      | Killed a two-headed ogre
 11111 | D:9      | Learned a level 5 spell: Summon Lightning Spire
 11674 | D:10     | Entered Level 10 of the Dungeon
 11678 | D:10     | Noticed a purple ugly thing
 11697 | Lair:1   | Entered Level 1 of the Lair of Beasts
 11706 | Lair:1   | Reached XP level 12. HP: 83/110 MP: 3/22
 12987 | Lair:2   | Reached ****** piety under Elyvilon
 12989 | Lair:2   | Found a gate leading to a gauntlet.
 12994 | Lair:2   | Found a blossoming altar of Fedhas.
 13009 | Gauntlet | Entered a Gauntlet
 13009 | Gauntlet | Found a transporter.
 13009 | Gauntlet | Found a transporter.
 13026 | Gauntlet | Found a transporter.
 13026 | Gauntlet | Found a transporter.
 13027 | Gauntlet | Noticed an entropy weaver
 13035 | Gauntlet | Found a transporter.
 13035 | Gauntlet | Found a transporter.
 13050 | Gauntlet | Found a transporter.
 13051 | Gauntlet | Found a transporter.
 13051 | Gauntlet | Noticed a tengu warrior
 13074 | Gauntlet | Noticed an entropy weaver
 13077 | Gauntlet | Found a transporter.
 13078 | Gauntlet | Found a transporter.
 13078 | Gauntlet | Noticed a great orb of eyes
 13350 | Gauntlet | Killed a tengu warrior
 13409 | Gauntlet | Killed an entropy weaver
 13410 | Gauntlet | Reached skill level 5 in Invocations
 13589 | Gauntlet | Identified the +3 battleaxe of Misery {chop, rC+ Str+3
                  | Int+2}
 13589 | Gauntlet | Noticed a minotaur
 13609 | Gauntlet | Killed a minotaur
 13986 | Lair:2   | Noticed Nergalle
 14002 | Lair:2   | Killed Nergalle
 14003 | Lair:2   | Gained mutation: You can use your snake-like lower body to
                  | constrict enemies. [Naga growth]
 14003 | Lair:2   | Reached XP level 13. HP: 98/117 MP: 11/25
 14950 | Lair:3   | Got a heavily runed golden ring
 14952 | Lair:3   | Identified the cursed ring of Yteutt {Dex+3 Stlth--} (You
                  | found it on level 3 of the Lair of Beasts)
 15906 | Lair:4   | Noticed Snorg
 15917 | Lair:4   | Killed Snorg
 16116 | Lair:4   | Found the +9 sword of Zonguldrok {reap}
 16146 | Lair:4   | Found a staircase to the Swamp.
 16357 | Lair:4   | Found a staircase to the Shoals.
 16713 | Lair:5   | Reached skill level 10 in Spellcasting
 16756 | Lair:5   | Learned a level 3 spell: Mephitic Cloud
 17570 | Lair:5   | Reached XP level 14. HP: 123/126 MP: 15/29
 17886 | Lair:5   | Learned a level 7 spell: Shadow Creatures
 18592 | Lair:6   | Entered Level 6 of the Lair of Beasts
 18625 | Lair:6   | Found a staircase to the Spriggan Forest.
 18672 | Lair:6   | Reached skill level 15 in Summonings
 19423 | Lair:6   | Identified the Collected Works on Dislocation
 20759 | Lair:6   | Reached XP level 15. HP: 69/135 MP: 13/31
 20899 | Lair:6   | Found a corrupted altar of Lugonu.
 20899 | Lair:6   | Found a one-way gate to the infinite horrors of the Abyss.
 21104 | Orc      | Entered the Orcish Mines
 21104 | Orc      | Found Suluh's Antique Armour Emporium.
 21104 | Orc      | Found Viem's Gadget Shop.
 21431 | D:9      | Bought the Compendium of Summoning and Displacement for 780
                  | gold pieces
 21437 | D:9      | Learned a level 5 spell: Summon Forest
 21618 | D:7      | Killed Cris's ghost
 21619 | D:7      | Reached skill level 1 in Translocations
 21623 | D:7      | Killed Wachungys's ghost
 21757 | D:5      | Killed tronn's ghost
 22136 | Orc      | Learned a level 2 spell: Blink
 22213 | Orc      | Found Plog's Magic Scroll Boutique.
 22228 | Orc      | Reached skill level 5 in Translocations
 22418 | Orc      | Found Wefaitat's Antique Weapon Emporium.
 22418 | Orc      | Found Jufo's Jewellery Shop.
 22419 | Orc      | Found Utyamp's Magic Scroll Boutique.
 22419 | Orc      | Found Vireiser's Weapon Emporium.
 22430 | Orc      | Bought a scroll of blinking for 82 gold pieces
 22430 | Orc      | Bought a scroll of blinking for 82 gold pieces
 22623 | Orc      | Found a staircase to the Slime Pits.
 22639 | Orc      | Found a viscous altar of Jiyva.
 22995 | D:10     | Noticed Josephine
 22999 | D:10     | Killed Josephine
 23253 | D:10     | Noticed Grum
 23269 | D:10     | Killed Grum
 23564 | D:11     | Found a basalt altar of Yredelemnul.
 23681 | D:11     | Found Dooniamp's Armour Emporium.
 24292 | D:11     | Found Owacet's Magic Scroll Shop.
 24298 | D:11     | Bought a scroll of blinking for 97 gold pieces
 24298 | D:11     | Bought a scroll of acquirement for 676 gold pieces
 24308 | D:11     | Identified the +4 ring mail "Ipuxkio" {rF+ Int+4 Dex+3
                  | Stlth+} (You acquired it on level 11 of the Dungeon)
 24308 | D:11     | Identified the amulet of Joimoare {Acrobat Str-3 Dex+7}
                  | (You acquired it on level 11 of the Dungeon)
 24534 | D:12     | Entered Level 12 of the Dungeon
 24901 | D:12     | Reached XP level 16. HP: 123/144 MP: 20/32
 24919 | D:12     | Reached skill level 10 in Translocations
 25269 | D:12     | HP: 5/144 [wolf spider simulacrum[a necromancer] (19)]
 25470 | D:12     | Found Aoer's Alliterative Accessories.
 25477 | D:12     | Found a gate to the Vaults.
 25482 | D:12     | Found a runed translucent door.
 25896 | D:12     | Found a staircase to the Depths.
 26495 | Shoals:1 | Entered Level 1 of the Shoals
 27356 | Swamp:1  | Entered Level 1 of the Swamp
 27362 | Swamp:1  | Identified the +2 barding "Lovoa" {rC+ rN+ rCorr Str-4}
                  | (You acquired it on level 1 of the Swamp)
 27362 | Swamp:1  | Identified the amulet "Vaoc" {Acrobat +Inv rN+ MR-} (You
                  | acquired it on level 1 of the Swamp)
 27611 | Swamp:1  | Found a runed translucent gate.
 27613 | Swamp:1  | Found a runed translucent gate.
 27614 | Swamp:1  | Found a runed translucent gate.
 28051 | Swamp:1  | Noticed tronn's ghost (journeyman GnFi)
 28367 | Swamp:2  | Noticed a thorn hunter
 28384 | Swamp:2  | Killed a thorn hunter
 28696 | Swamp:2  | Reached skill level 10 in Fighting
 29158 | Swamp:3  | Entered Level 3 of the Swamp
 29521 | Swamp:3  | Reached XP level 17. HP: 156/156 MP: 12/33
 29649 | Swamp:3  | Noticed the 27-headed Lernaean hydra
 29919 | Swamp:3  | Killed the 27-headed Lernaean hydra
 30521 | Swamp:3  | Got a decaying rune of Zot
 30774 | Forest:1 | Entered Level 1 of the Spriggan Forest
 31199 | Forest:1 | Noticed a wendigo
 32282 | Forest:2 | Reached skill level 1 in Shields
 33127 | Forest:1 | Killed a wendigo
 33396 | Forest:2 | Noticed a wendigo
 33998 | Forest:2 | Killed a wendigo
 33999 | Forest:2 | Reached XP level 18. HP: 81/165 MP: 6/36
 34807 | Forest:2 | Noticed a wendigo
 34994 | Forest:3 | Entered Level 3 of the Spriggan Forest
 35614 | Forest:3 | Identified the amulet of Saqistry {Reflect rPois rN+ Dex+5
                  | SH+4 Stlth+}
 35944 | Forest:3 | Noticed a wendigo
 35945 | Forest:3 | Noticed a wendigo
 36224 | Forest:3 | Found a shimmering altar of Xom.
 36273 | Forest:3 | Identified Luyluwki's Guide on Snow and Conjuration
 36516 | Forest:3 | Identified the ring "Mialaxyre" {+Blink rElec}
 36528 | Forest:3 | Killed a wendigo
 36730 | Forest:3 | Killed a wendigo
 37580 | Forest:3 | Identified the +6 faerie dragon scales {rPois rCorr Str+2
                  | Stlth+}
 37580 | Forest:3 | Noticed the Enchantress
 37588 | Forest:3 | Killed the Enchantress
 37880 | Orc      | Bought a runed cloak for 225 gold pieces
 37988 | D:11     | Bought a scroll of acquirement for 676 gold pieces
 37988 | D:11     | Identified the +7 rapier "Qenugur" {flame, MP+9 Dex+2
                  | Stlth-} (You acquired it on level 11 of the Dungeon)
 37988 | D:11     | Identified the +0 pair of gloves "Nuureon" {rC+ rCorr Int+4
                  | Slay+2} (You acquired it on level 11 of the Dungeon)
 37988 | D:11     | Identified the amulet "Tam Poukk" {Regen *Corrode rPois
                  | SInv Stlth+} (You acquired it on level 11 of the Dungeon)
 38009 | D:11     | Learned a level 7 spell: Controlled Blink
 39055 | Shoals:2 | Found Ycziyrot's Armour Emporium.
 39541 | Shoals:3 | Entered Level 3 of the Shoals
 39549 | Shoals:3 | Reached skill level 15 in Translocations
 39875 | Shoals:3 | Reached XP level 19. HP: 141/171 MP: 4/37
 41234 | Shoals:3 | Got a barnacled rune of Zot
 41656 | Slime:1  | Entered Level 1 of the Pits of Slime
 42108 | Slime:1  | Found a corrupted altar of Lugonu.
 46009 | Slime:5  | Entered Level 5 of the Pits of Slime
 46039 | Slime:5  | Found a viscous altar of Jiyva.
 46061 | Slime:5  | Fell from the grace of Elyvilon
 46061 | Slime:5  | Became a worshipper of Jiyva Jogof the Shapeless
 46278 | Depths:1 | Entered Level 1 of the Depths
 46363 | Depths:1 | Found a one-way gate leading to the halls of Pandemonium.
 46464 | Depths:1 | Found a gateway to Hell.
 46465 | Depths:1 | Found Ittampuo's Magic Scroll Emporium.
 46474 | Depths:1 | Bought a scroll of blinking for 105 gold pieces
 46599 | Depths:1 | Reached XP level 20. HP: 186/187 MP: 30/38
 46660 | Depths:1 | Reached ** piety under Jiyva
 46717 | Depths:1 | Reached skill level 15 in Spellcasting
 47329 | Depths:1 | Reached skill level 5 in Dodging
 47579 | Depths:1 | Found Vekhlex's Serpentskin Sales.
 47869 | Depths:2 | Gained mutation: Your translucent skin slightly reduces
                  | your foes' accuracy. (Stealth) [Jiyva's grace]
 47891 | Depths:2 | Noticed Asterion
 47900 | Depths:2 | Killed Asterion
 48047 | Depths:2 | Reached *** piety under Jiyva
 48497 | Depths:2 | Found a runed door.
 48541 | Depths:2 | Found a corrupted altar of Lugonu.
 48545 | Depths:2 | Gained mutation: You occasionally shout uncontrollably at
                  | your foes. [Jiyva's grace]
 49059 | Depths:3 | Reached skill level 5 in Armour
 49095 | Depths:3 | Reached **** piety under Jiyva
 49253 | Depths:3 | Noticed a rockslime
 49272 | Depths:3 | Killed a rockslime
 49523 | Depths:3 | Found a runed translucent gate.
 49523 | Depths:3 | Found a runed translucent gate.
 49523 | Depths:3 | Found a runed translucent gate.
 49527 | Depths:3 | Found an opulent altar of Gozag.
 49530 | Depths:3 | Noticed a golden dragon
 49530 | Depths:3 | Noticed Pikuto's ghost (adept MiBe)
 49530 | Depths:3 | Noticed a juggernaut
 49531 | Depths:3 | Found Malam's Assorted Antiques.
 49788 | Depths:3 | Found Ysifin's Assorted Antiques.
 49970 | Depths:3 | Reached XP level 21. HP: 194/194 MP: 40/40
 50446 | Depths:3 | Noticed a juggernaut
 50461 | Depths:3 | Killed a juggernaut
 50461 | Depths:3 | Lost mutation: You occasionally shout uncontrollably at
                  | your foes. [Jiyva's grace]
 50582 | Depths:4 | Noticed Louise
 50591 | Depths:4 | Killed Louise
 50604 | Depths:4 | Learned a level 9 spell: Dragon's Call
 50646 | Depths:4 | Noticed a golden dragon
 50652 | Depths:4 | Killed a golden dragon
 50999 | Depths:4 | Reached ***** piety under Jiyva
 51299 | Depths:4 | Found a gateway to a ziggurat.
 51343 | Depths:4 | Gained mutation: You evolve. [Jiyva's grace]
 51607 | Depths:4 | Gained mutation: You are agile. (Dex +2) [evolution]
 51704 | Depths:4 | Noticed a juggernaut
 51760 | Depths:4 | Noticed a golden dragon
 51853 | Depths:4 | Killed a golden dragon
 52254 | Depths:4 | Killed a juggernaut
 52375 | Depths:4 | Lost mutation: Your translucent skin slightly reduces your
                  | foes' accuracy. (Stealth) [Jiyva's grace]
 52376 | Depths:4 | Reached XP level 22. HP: 205/206 MP: 35/41
 52653 | Depths:5 | Entered Level 5 of the Depths
 52713 | Depths:5 | Noticed a golden dragon
 52728 | Depths:5 | Noticed a rockslime
 52770 | Depths:5 | Found Revyav's Jewellery Boutique.
 52772 | Depths:5 | Found Quism's Magic Scroll Shop.
 52852 | Depths:5 | Killed a rockslime
 52905 | Depths:5 | Killed a golden dragon
 53321 | Depths:5 | Reached skill level 1 in Evocations
 53349 | Depths:5 | Gained mutation: You are partially covered in slimy green
                  | scales. (AC +2) [Jiyva's grace]
 53511 | Depths:5 | Found a gate to the Realm of Zot.
 53530 | Depths:5 | Reached skill level 5 in Evocations
 54023 | Depths:5 | Noticed a juggernaut
 54028 | Depths:5 | Noticed a caustic shrike
 54029 | Depths:5 | Noticed a caustic shrike
 54030 | Depths:5 | Noticed a caustic shrike
 54048 | Depths:5 | Killed a juggernaut
 54604 | Depths:5 | Noticed a golden dragon
 54615 | Depths:5 | Killed a golden dragon
 54723 | Depths:5 | Killed a caustic shrike
 54723 | Depths:5 | Gained mutation: Your spells are a little easier to cast,
                  | but a little less powerful. [Jiyva's grace]
 54730 | Depths:5 | Killed a caustic shrike
 54731 | Depths:5 | Killed a caustic shrike
 55070 | D:12     | Reached skill level 10 in Evocations
 55088 | Vaults:1 | Entered Level 1 of the Vaults
 55115 | Vaults:1 | Noticed Zenata
 55248 | Vaults:1 | Killed Zenata
 55341 | Vaults:1 | Found Roon Lai's Distillery.
 55343 | Vaults:1 | Found a runed translucent gate.
 55351 | Vaults:1 | Identified the +3 great sword of the Sky {holy, rF++
                  | Stlth-}
 55393 | Vaults:1 | Found Noschoes's General Store.
 55436 | Vaults:1 | Found a runed translucent gate.
 55437 | Vaults:1 | Found a runed translucent gate.
 55438 | Vaults:1 | Noticed casual's ghost (veteran MiMo)
 55481 | Vaults:1 | Found a magical portal.
 55494 | WizLab   | Entered The Hall of the Hellbinder
 55514 | WizLab   | Reached XP level 23. HP: 213/213 MP: 11/42
 55700 | WizLab   | Identified the amulet "Uroid" {Acrobat Str+6 Slay+2} (You
                  | acquired it in a wizard's laboratory)
 55700 | WizLab   | Identified the Tome of the Entourage and Translocation (You
                  | acquired it in a wizard's laboratory)
 55772 | WizLab   | Reached ****** piety under Jiyva
 55829 | WizLab   | Found a burning altar of Makhleb.
 55836 | WizLab   | Identified the Disquisition on Creation
 55838 | WizLab   | Identified the ring of the Death Scarab {*Corrode rPois
                  | rN+++ Str+6 Int+4 Dex-2}
 55848 | WizLab   | Identified the ring of Colaf {rElec MR- Str+4}
 55871 | WizLab   | Identified the +0 hunting sling "Juequkh" {velocity, rElec
                  | MP-9 Dex+2 SInv}
 56087 | Vaults:1 | Noticed Donald
 56092 | Vaults:1 | Killed Donald
 56092 | Vaults:1 | Gained mutation: You are partially covered in large bone
                  | plates. (SH +4) [Jiyva's grace]
 56383 | Vaults:1 | Bought a phantom mirror for 260 gold pieces
 56396 | Vaults:1 | Noticed Forgeling's ghost (adept FeEn)
 56404 | Vaults:1 | Killed Forgeling's ghost
 56474 | Vaults:1 | Identified the cursed +0 hat of the Fiddle {+Fly MR- SInv}
 56475 | Vaults:1 | Identified the ring of Fatigue {rElec rN+ MR- MP+9} (You
                  | acquired it on level 1 of the Vaults)
 56610 | Vaults:1 | Killed casual's ghost
 56956 | Vaults:1 | Gained mutation: You have a small jelly attached to you
                  | that may absorb incoming projectiles. [Jiyva's grace]
 57384 | Vaults:2 | Found a staircase to the Crypt.
 57638 | Vaults:2 | Identified the cursed +1 plate armour of the Bulwark
                  | {*Corrode rPois Int+4 Stlth+}
 57733 | Vaults:2 | Found Kehubitz's Antique Weapon Boutique.
 57829 | Vaults:2 | Lost mutation: You have a small jelly attached to you that
                  | may absorb incoming projectiles. [Jiyva's grace]
 58150 | Vaults:2 | Identified the Papyrus of Conjuration
 58252 | Vaults:2 | Lost mutation: Your spells are a little easier to cast, but
                  | a little less powerful. [Jiyva's grace]
 58594 | Vaults:2 | Reached XP level 24. HP: 221/222 MP: 41/44
 58857 | Slime:5  | Identified the ring "Purchael" {+Inv rF+ Dex+2 SInv} (You
                  | found it on level 5 of the Pits of Slime)
 58860 | Slime:5  | Got a slimy rune of Zot
 58861 | Slime:5  | Identified the +4 dagger "Egual" {pierce, rC+ MR+ Str-2}
                  | (You found it on level 5 of the Pits of Slime)
 58880 | Slime:5  | Noticed the Royal Jelly
 58897 | Slime:5  | Identified the ring "Loolot" {rElec rF+ Dex+4}
 59109 | Pan      | Entered Pandemonium
 59159 | Pan      | Noticed Mennas
 59180 | Pan      | Killed Mennas
 59202 | Pan      | Lost mutation: You are agile. (Dex +2) [Jiyva's grace]
 59489 | Pan      | Learned a level 8 spell: Summon Horrible Things
 59497 | Pan      | Learned a level 7 spell: Malign Gateway
 59512 | Pan      | Noticed Juquob Qeut the pandemonium lord
 59531 | Pan      | Killed Juquob Qeut the pandemonium lord
 59541 | Pan      | Reached skill level 15 in Fighting
 59949 | Pan      | Lost mutation: You are partially covered in slimy green
                  | scales. (AC +2) [Jiyva's grace]
 60476 | Pan      | Gained mutation: Your tail ends in a poisonous barb.
                  | [evolution]
 60476 | Pan      | Lost mutation: You evolve. [end of evolution]
 60568 | Pan      | Lost mutation: Your tail ends in a poisonous barb. [Jiyva's
                  | grace]
 60619 | Pan      | Found a transporter.
 60663 | Pan      | Found a transporter.
 61606 | Pan      | Gained mutation: You expend magic power (3 MP) to
                  | strengthen your wands. [Jiyva's grace]
 61635 | Pan      | Reached XP level 25. HP: 87/241 MP: 1/45
 61835 | Pan      | Identified the cursed +0 helmet "Cytezeg" {Int+6} (You
                  | found it in Pandemonium)
 61839 | Pan      | Identified the amulet "Weqymonn" {Acrobat rC+ Int+2}
 61881 | Pan      | Identified the +1 long sword of the Lair of Beasts {flame,
                  | rF+ MR+ Int-4}
 62130 | Pan      | Lost mutation: You expend magic power (3 MP) to strengthen
                  | your wands. [Jiyva's grace]
 62426 | Pan      | Noticed Ekhlocva the pandemonium lord
 62433 | Pan      | Killed Ekhlocva the pandemonium lord
 62807 | Pan      | Gained mutation: You are agile. (Dex +2) [Jiyva's grace]
 64071 | Pan      | Noticed Qideze the pandemonium lord
 64072 | Pan      | Gained mutation: You expend magic power (3 MP) to
                  | strengthen your wands. [a cacodemon]
 64084 | Pan      | Killed Qideze the pandemonium lord
 64247 | Pan      | Gained mutation: You have a small jelly attached to you
                  | that senses nearby items. [Jiyva's grace]
 64381 | Pan      | Entered the realm of Mnoleg.
 64516 | Pan      | Identified the +5 rapier "Puinnunt" {drain, rElec rF+ Str-3
                  | Int+5}
 64521 | Pan      | Gained mutation: You have sharp fingernails. [a cacodemon]
 64678 | Pan      | Noticed Mnoleg
 64863 | Pan      | Reached XP level 26. HP: 258/258 MP: 18/46
 65035 | Pan      | Gained mutation: You are partially covered in molten
                  | scales. (AC +2) [Jiyva's grace]
 65140 | Pan      | Killed Mnoleg
 65289 | Pan      | Got a glowing rune of Zot
 65514 | Pan      | Entered the realm of Cerebov.
 65518 | Pan      | Gained mutation: Your flesh is cold resistant. (rC+)
                  | [Jiyva's grace]
 65601 | Pan      | Lost mutation: You expend magic power (3 MP) to strengthen
                  | your wands. [Jiyva's grace]
 65856 | Pan      | Identified the ring of Incredulity {+Fly Int+2}
 65892 | Pan      | Gained mutation: You expend magic power (3 MP) to
                  | strengthen your wands. [Jiyva's grace]
 65910 | Pan      | Identified the +9 long sword "Xoisamu" {freeze, +Fly rPois
                  | MR- Dex+4}
 65910 | Pan      | Identified the +6 sword of Cerebov {flame}
 65910 | Pan      | Noticed Cerebov
 66019 | Pan      | Killed Cerebov
 66032 | Pan      | Identified the +7 halberd "Gexudycu" {holy, *Slow rF+ MP+9
                  | Int+3}
 66058 | Pan      | Got a fiery rune of Zot
 66081 | Pan      | Identified the +1 ring mail of Indecent Exposure {*Slow rF+
                  | Str+5} (You found it in Pandemonium)
 66635 | Pan      | Noticed Xumiw the pandemonium lord
 66663 | Pan      | Gained mutation: You can exhale a cloud of poison. [Jiyva's
                  | grace]
 66676 | Pan      | Reached XP level 27. HP: 251/268 MP: 15/47
 66714 | Pan      | Killed Xumiw the pandemonium lord
 67005 | Pan      | Got a demonic rune of Zot
 67008 | Abyss:1  | Escaped into the Abyss
 67131 | Abyss:3  | Found a corrupted altar of Lugonu.
 67170 | Abyss:3  | Lost mutation: You can exhale a cloud of poison. [Jiyva's
                  | grace]
 67313 | Abyss:3  | Reached skill level 5 in Stealth
 67542 | Abyss:3  | Gained mutation: You have acidic saliva. [Jiyva's grace]
 67660 | Abyss:3  | Reached skill level 10 in Stealth
 67700 | Abyss:3  | Found a corrupted altar of Lugonu.
 67987 | Abyss:4  | Found a corrupted altar of Lugonu.
 67995 | Abyss:4  | Found a corrupted altar of Lugonu.
 68014 | Abyss:4  | Got an abyssal rune of Zot
 68045 | Abyss:4  | Found a corrupted altar of Lugonu.
 68053 | Abyss:4  | Paralysed by accursed screaming for 1 turns
 68058 | Abyss:4  | Gained mutation: Your tail ends in a poisonous barb.
                  | [Jiyva's grace]
 68157 | Abyss:4  | Paralysed by accursed screaming for 1 turns
 68225 | Abyss:5  | Entered Level 5 of the Abyss
 68225 | Abyss:5  | Entered Level 5 of the Abyss
 68384 | Abyss:5  | Lost mutation: Your tail ends in a poisonous barb. [Jiyva's
                  | grace]
 68390 | Abyss:5  | Reached skill level 15 in Stealth
 68390 | Depths:1 | Escaped the Abyss
 68574 | Zot:1    | Entered Level 1 of the Realm of Zot
 68607 | Zot:1    | Noticed a golden dragon
 68610 | Zot:1    | Reached skill level 10 in Dodging
 68616 | Zot:1    | Killed a golden dragon
 68974 | Zot:1    | Identified the cursed ring of Celemnod {Fire Dex+4}
 69524 | Zot:2    | Gained mutation: You have a pair of small antennae on your
                  | head. [Jiyva's grace]
 69696 | Zot:2    | Found a runed translucent gate.
 69697 | Zot:2    | Found a runed translucent gate.
 69697 | Zot:2    | Found an opulent altar of Gozag.
 69697 | Zot:2    | Found a runed translucent gate.
 69699 | Zot:2    | Noticed Sebriys's ghost (legendary TrBe)
 69709 | Zot:2    | Found Laitsic's Assorted Antiques.
 69758 | Zot:2    | Identified the +7 lajatang of Fragile Peace {slice, rPois
                  | rF+ rC+} (You acquired it on level 2 of the Realm of Zot)
 69758 | Zot:2    | Identified the amulet "Awnidis" {Spirit +Inv rElec Int+3
                  | Dex+2} (You acquired it on level 2 of the Realm of Zot)
 69758 | Zot:2    | Identified the Catalogue of Creative Lightness (You
                  | acquired it on level 2 of the Realm of Zot)
 69759 | Zot:2    | Found the +18 shield of the Gong {rElec rN+ MR+ EV-5}
 70498 | Zot:3    | Lost mutation: Your flesh is cold resistant. (rC+) [Jiyva's
                  | grace]
 70640 | Zot:3    | Identified the +4 dragonskin cloak
 70640 | Zot:3    | Noticed Tiamat
 70646 | Zot:3    | Reached skill level 15 in Dodging
 70652 | Zot:3    | Killed Tiamat
 70917 | Zot:3    | Noticed a golden dragon
 70931 | Zot:3    | Killed a golden dragon
 70940 | Zot:3    | Reached skill level 10 in Armour
 71219 | Zot:4    | Gained mutation: You are somewhat resistant to further
                  | mutation. [Jiyva's grace]
 71330 | Zot:4    | Reached skill level 1 in Staves
 71412 | Zot:4    | Reached skill level 5 in Staves
 71591 | Zot:4    | Lost mutation: You are somewhat resistant to further
                  | mutation. [Jiyva's grace]
 72274 | Zot:5    | Entered Level 5 of the Realm of Zot
 72478 | Zot:5    | Noticed an ancient lich
 72484 | Zot:5    | Killed an ancient lich
 72493 | Zot:5    | Reached skill level 10 in Staves
 72494 | Zot:5    | Noticed a Killer Klown
 72503 | Zot:5    | Killed a Killer Klown
 72504 | Zot:5    | Noticed a golden dragon
 72511 | Zot:5    | Killed a golden dragon
 72523 | Zot:5    | Noticed an orb of fire
 72530 | Zot:5    | Noticed an orb of fire
 72533 | Zot:5    | Gained mutation: You are dopey. (Int -2) [an orb of fire]
 72535 | Zot:5    | Noticed an ancient lich
 72535 | Zot:5    | Noticed an ancient lich
 72537 | Zot:5    | Noticed an ancient lich
 72541 | Zot:5    | Killed an ancient lich
 72541 | Zot:5    | Killed an ancient lich
 72548 | Zot:5    | Noticed an ancient lich
 72626 | Zot:5    | Noticed a Killer Klown
 72637 | Zot:5    | Killed a Killer Klown
 72643 | Zot:5    | Lost mutation: You are partially covered in molten scales.
                  | (AC +2) [Jiyva's grace]
 72793 | Zot:5    | Noticed an ancient lich
 72799 | Zot:5    | Killed an ancient lich
 72814 | Zot:5    | Reached skill level 10 in Invocations
 72886 | Zot:5    | Killed an ancient lich
 72974 | Zot:5    | Learned a level 1 spell: Apportation
 73032 | Zot:5    | Killed an ancient lich
 73037 | Zot:5    | Noticed an ancient lich
 73042 | Zot:5    | Killed an ancient lich
 73117 | Zot:5    | Noticed a Killer Klown
 73131 | Zot:5    | Killed a Killer Klown
 73146 | Zot:5    | Lost mutation: You are dopey. (Int -2) [Jiyva's power]
 73258 | Zot:5    | Killed an orb of fire
 73646 | Vaults:2 | Gained mutation: You are robust. (+10% HP) [Jiyva's grace]
 73793 | Vaults:2 | Reached skill level 15 in Invocations
 73938 | Vaults:3 | Entered Level 3 of the Vaults
 73941 | Vaults:3 | Noticed a golden dragon
 73947 | Vaults:3 | Noticed a juggernaut
 73956 | Vaults:3 | Killed a golden dragon
 73958 | Vaults:3 | Killed a juggernaut
 73966 | Vaults:3 | Gained mutation: Your muscles are strong. (Str +2) [Jiyva's
                  | grace]
 74212 | Vaults:3 | Lost mutation: You expend magic power (3 MP) to strengthen
                  | your wands. [Jiyva's grace]
 74645 | Vaults:3 | Identified the ring of Faezast {rPois Dex+5}
 74678 | Vaults:3 | Noticed a juggernaut
 74688 | Vaults:3 | Killed a juggernaut
 74690 | Vaults:3 | Gained mutation: You are resistant to hostile enchantments.
                  | (MR+) [Jiyva's grace]
 74703 | Vaults:3 | Identified the +3 whip of Tumult {flame, rC+ Dex-2 SInv}
 74861 | Vaults:3 | Noticed Mara
 74866 | Vaults:3 | Killed Mara
 75059 | Vaults:3 | Identified the +5 war axe "Odi Ycixo" {antimagic, rC+ rN+
                  | MR+ Str-2}
 75156 | Vaults:3 | Got a silver rune of Zot
 75991 | Hell     | Entered the Vestibule of Hell
 75991 | Hell     | Noticed Geryon
 76030 | Hell     | Lost mutation: You are resistant to hostile enchantments.
                  | (MR+) [Jiyva's grace]
 76064 | Hell     | Found a gateway to the ashen valley of Gehenna.
 76081 | Hell     | Killed Geryon
 76236 | Hell     | Noticed Murray
 76245 | Hell     | Lost mutation: You have a small jelly attached to you that
                  | senses nearby items. [Jiyva's grace]
 76247 | Hell     | Killed Murray
 76412 | Hell     | Found a gateway to the Iron City of Dis.
 76557 | Hell     | Found a gateway to the freezing wastes of Cocytus.
 76636 | Hell     | Found a gateway to the decaying netherworld of Tartarus.
 76848 | Dis:1    | Entered Level 1 of the Iron City of Dis
 77052 | Dis:1    | Gained mutation: You are very robust. (+20% HP) [Jiyva's
                  | grace]
 77251 | Dis:2    | Entered Level 2 of the Iron City of Dis
 77288 | Dis:2    | Gained mutation: You are covered in slimy tendrils that may
                  | disarm your opponents. [Jiyva's grace]
 77365 | Dis:2    | HP: 2/332 [reaper/+7 scythe of protection (35)]
 77667 | Dis:2    | Identified the +4 staff of Dispater
 77667 | Dis:2    | Noticed Dispater
 77690 | Dis:2    | HP: 10/334 [Hell Sentinel/iron shot (28)]
 77695 | Dis:2    | Gained mutation: You have an increased reservoir of magic.
                  | (+10% MP) [Jiyva's grace]
 77752 | Dis:2    | Killed from afar by an iron giant

Skill      XL: |  1  2  3  4  5  6  7  8  9 10 11 12 13 14 15 16 17 18 19 20 21 22 23 24 25 26 27 |
---------------+----------------------------------------------------------------------------------+-----
Spellcasting   | 3 4 6 8 11 12 14 15 17 18 19 20 | 20.0
Fighting       | 1 2 3 4 6 8 9 10 11 13 14 17 19 20 22 | 22.7
Air Magic      | 1 2 3 7 8 |  8.0
Poison Magic   | 5 6 8 |  8.0
Invocations    | 1 2 3 8 22 | 22.0
Armour         | 2 3 4 5 8 10 | 10.0
Dodging        | 2 3 4 9 15 | 15.0
Summonings     | 5 7 8 12 13 14 16 18 19 21 22 | 22.0
Translocations | 9 10 11 15 16 17 | 17.0
Shields        | 3 |  3.0
Evocations     | 10 11 13 14 | 14.0
Stealth        | 15 | 15.0
Staves         | 13 | 13.0
Conjurations   | |  1.0

Action                   |  1- 3 |  4- 6 |  7- 9 | 10-12 | 13-15 | 16-18 | 19-21 | 22-24 | 25-27 || total
-------------------------+-------+-------+-------+-------+-------+-------+-------+-------+-------++-------
Melee: Unarmed           |     9 |    22 |     1 |       |       |       |       |       |       ||    32
       Dagger            |       |       |   227 |   283 |   577 |   590 |   479 |   157 |       ||  2313
       Battleaxe         |       |       |       |     6 |       |       |       |       |       ||     6
       Constrict         |       |       |       |       |   118 |    80 |    65 |    34 |   139 ||   436
       Quarterstaff      |       |       |       |       |       |       |       |    95 |  1007 ||  1102
       Bite              |       |       |       |       |       |       |       |       |   203 ||   203
       Tailslap          |       |       |       |       |       |       |       |       |    22 ||    22
Throw: Throwing net      |       |       |       |       |     1 |       |       |     1 |       ||     2
 Cast: Sting             |    39 |     5 |     2 |       |     1 |       |       |       |       ||    47
       Poisonous Vapours |     6 |    54 |    83 |   168 |    50 |    65 |   151 |    55 |     3 ||   635
       Summon Scorpions  |       |       |     3 |    48 |    90 |    45 |    41 |    41 |    37 ||   305
       Summon Lightning  |       |       |       |    25 |   108 |   109 |    51 |    25 |    58 ||   376
       Mephitic Cloud    |       |       |       |       |    17 |     3 |     1 |       |     1 ||    22
       Shadow Creatures  |       |       |       |       |     4 |    66 |    79 |    53 |    21 ||   223
       Summon Forest     |       |       |       |       |    22 |    88 |    76 |    45 |    87 ||   318
       Blink             |       |       |       |       |       |    32 |    10 |     9 |    50 ||   101
       Controlled Blink  |       |       |       |       |       |       |     5 |     6 |    14 ||    25
       Dragon's Call     |       |       |       |       |       |       |       |    39 |    67 ||   106
       Summon Horrible T |       |       |       |       |       |       |       |     7 |    34 ||    41
       Malign Gateway    |       |       |       |       |       |       |       |     2 |    29 ||    31
Invok: Greater Healing   |       |       |       |       |     1 |     5 |       |       |       ||     6
       Heal Other        |       |       |       |       |     1 |     5 |       |       |       ||     6
       Cure Bad Mutation |       |       |       |       |       |       |       |       |     1 ||     1
 Abil: Spit Poison       |    34 |    32 |    37 |    30 |    22 |     1 |     3 |     1 |     1 ||   161
       Evoke Berserk Rag |       |       |     1 |     1 |       |       |       |       |       ||     2
Evoke: Wand              |       |       |     1 |    18 |       |     4 |     1 |     2 |    28 ||    54
       Lamp of fire      |       |       |       |       |     1 |       |       |       |     3 ||     4
       Phantom mirror    |       |       |       |       |       |     1 |       |       |     6 ||     7
       Sack of spiders   |       |       |       |       |       |       |     2 |     3 |     6 ||    11
       Box of beasts     |       |       |       |       |       |       |     2 |     1 |     9 ||    12
       Phial of floods   |       |       |       |       |       |       |     1 |     3 |     9 ||    13
       Fan of gales      |       |       |       |       |       |       |     1 |       |     2 ||     3
       Horn of Geryon    |       |       |       |       |       |       |       |       |     2 ||     2
  Use: Scroll            |     1 |     1 |       |    20 |    10 |    12 |     8 |    12 |    25 ||    89
       Potion            |       |       |       |     5 |     2 |     2 |       |     7 |    24 ||    40
 Stab: Sleeping          |       |       |     1 |       |     1 |       |     1 |       |     4 ||     7
       Distracted        |       |       |       |     2 |     9 |    20 |    25 |    17 |    36 ||   109
       Confused          |       |       |       |       |     5 |     1 |     1 |       |     6 ||    13
       Paralysed         |       |       |       |       |       |       |     1 |       |     3 ||     4
       Petrified         |       |       |       |       |       |       |       |       |     3 ||     3
  Eat: Chunk             |     4 |    11 |    19 |    39 |    52 |    49 |    40 |    41 |    55 ||   310
       Ration            |       |       |       |     2 |     4 |    11 |     9 |     9 |    14 ||    49
Armor: Robe              |     6 |    13 |       |       |       |       |       |       |       ||    19
       Ring mail         |       |     1 |    98 |   210 |   472 |   483 |   350 |   200 |   536 ||  2350
Dodge: Dodged            |    23 |    34 |   127 |   202 |   367 |   323 |   170 |   141 |   849 ||  2236
Block: Buckler           |       |       |       |       |       |    98 |   375 |   175 |       ||   648
       Reflection        |       |       |       |       |       |     2 |    41 |    33 |    14 ||    90
       Other             |       |       |       |       |       |       |       |    53 |   359 ||   412
